PL
ATLANTA SMOKE @ RICHARDSON CITY THUNDERCATS
08/23/2022
 
TOP OF THE 1ST
Atlanta Smoke batting - Pitching for Richardson City Thundercats : LHP Javier Ramírez
Pitching: LHP Javier Ramírez
Batting: LHB Albert Morán 0-0: Ball
1-0: Called Strike
1-1: SINGLE (Line Drive, 78S)
Batting: RHB Cale Sutton 0-0: Foul Ball, location: 2F
0-1: Swinging Strike
0-2: Ball
1-2: Ball
2-2: Ball
3-2: Foul Ball, location: 2F
3-2: Base on Balls
Albert Morán to second
Batting: RHB Bob Campbell 0-0: Called Strike
0-1: Ball
1-1: Ball
2-1: Ball
3-1: Foul Ball, location: 2F
3-2: Base on Balls
Albert Morán to third
Cale Sutton to second
Batting: RHB Iván Pérez 0-0: Ball
1-0: Foul Ball, location: 2F
1-1: Ball
2-1: Fly out, F3 (Popup, 34S)
Batting: LHB Armando Esparza 0-0: Called Strike
0-1: Swinging Strike
0-2: Strikes out swinging
Batting: RHB Chris Teague 0-0: Called Strike
0-1: Called Strike
0-2: Ball
1-2: Ball
2-2: Strikes out swinging
Top of the 1st over - 0 run(s), 1 hit(s), 0 error(s), 3 left on base; Atlanta 0 - Richardson City 0
BOTTOM OF THE 1ST
Richardson City Thundercats batting - Pitching for Atlanta Smoke : RHP Makoto Kato
Pitching: RHP Makoto Kato
Batting: RHB Chriss Mann 0-0: Called Strike
0-1: Called Strike
0-2: Ground out 6-3 (Groundball, 6)
Batting: SHB Leonard O'Connor 0-0: Ball
1-0: Ball
2-0: Ball
3-0: Foul Ball, location: 2F
3-1: Called Strike
3-2: Base on Balls
Batting: RHB Juan Cabrera 0-0: SINGLE (Line Drive, 7S)
Leonard O'Connor to second
Batting: RHB Joey Jones 0-0: DOUBLE (Flyball, 78D)
Leonard O'Connor scores
Juan Cabrera to third
Runner from 3rd tries for Home, SAFE, no throw or cutoff
Batting: RHB Nate Cates 0-0: Called Strike
0-1: Ball
1-1: Ground out 2-3 (Groundball, 25)
Joey Jones to third
Batting: RHB Steve Dunn 0-0: Called Strike
0-1: SINGLE (Line Drive, 4MD)
Joey Jones scores
Batting: RHB Yong-oon Yi 0-0: Called Strike
0-1: Foul Ball, location: 2F
0-2: Strikes out swinging
Bottom of the 1st over - 3 run(s), 3 hit(s), 0 error(s), 1 left on base; Atlanta 0 - Richardson City 3
TOP OF THE 2ND
Atlanta Smoke batting - Pitching for Richardson City Thundercats : LHP Javier Ramírez
Batting: RHB Mike Brown 0-0: Ball
1-0: Ball
2-0: Called Strike
2-1: Foul Ball, location: 2F
2-2: Foul Ball, location: 2F
2-2: Strikes out swinging
Batting: RHB Bartolo Morales 0-0: Ball
1-0: Foul Ball, location: 2F
1-1: Ball
2-1: Foul Ball, location: 2F
2-2: Foul Ball, location: 2F
2-2: SINGLE (Groundball, 56S) (infield hit)
Batting: RHB Mike Burns 0-0: Ball
Bartolo Morales is caught stealing 2nd base
1-0: Ball
2-0: Ball
3-0: Called Strike
3-1: Base on Balls
Batting: LHB Albert Morán 0-0: Ball
Pickoff Throw to First - Error! E1
Mike Burns to second
1-0: Called Strike
1-1: DOUBLE (Line Drive, 9LM)
Mike Burns scores
Batting: RHB Cale Sutton 0-0: Ball
1-0: Called Strike
1-1: Ball
2-1: Ball
3-1: Foul Ball, location: 2F
3-2: Base on Balls
Batting: RHB Bob Campbell 0-0: Called Strike
0-1: Ball
1-1: Foul Ball, location: 2F
1-2: Strikes out swinging
Top of the 2nd over - 1 run(s), 2 hit(s), 1 error(s), 2 left on base; Atlanta 1 - Richardson City 3
BOTTOM OF THE 2ND
Richardson City Thundercats batting - Pitching for Atlanta Smoke : RHP Makoto Kato
Batting: RHB Alden Wiley 0-0: Ball
1-0: Ground out 4-3 (Groundball, 13)
Batting: SHB Eugene Parrish 0-0: Ball
1-0: Ball
2-0: Swinging Strike
2-1: Swinging Strike
2-2: Strikes out swinging
Batting: RHB Chriss Mann 0-0: Called Strike
0-1: Foul Ball, location: 2F
0-2: Fly out, F5 (Line Drive, 5L)
Bottom of the 2nd over - 0 run(s), 0 hit(s), 0 error(s), 0 left on base; Atlanta 1 - Richardson City 3
TOP OF THE 3RD
Atlanta Smoke batting - Pitching for Richardson City Thundercats : LHP Javier Ramírez
Batting: RHB Iván Pérez 0-0: Ball
1-0: Ball
2-0: Called Strike
2-1: Called Strike
2-2: Ball
3-2: Base on Balls
Batting: LHB Armando Esparza 0-0: Ball
1-0: Foul Ball, location: 2F
1-1: Ball
2-1: Called Strike
2-2: Strikes out swinging
Batting: RHB Chris Teague 0-0: Ball
1-0: Ball
2-0: Grounds into double play, 5-4-3 (Groundball, 56)
Top of the 3rd over - 0 run(s), 0 hit(s), 0 error(s), 0 left on base; Atlanta 1 - Richardson City 3
BOTTOM OF THE 3RD
Richardson City Thundercats batting - Pitching for Atlanta Smoke : RHP Makoto Kato
Batting: SHB Leonard O'Connor 0-0: Foul Ball, location: 2F
0-1: Swinging Strike
0-2: Ball
1-2: Ball
2-2: Fly out, F8 (Flyball, 8LD)
Batting: RHB Juan Cabrera 0-0: Ball
Error on foul ball, E2
1-1: Called Strike
1-2: SINGLE (Groundball, 5D)
Batting: RHB Joey Jones 0-0: Ball
1-0: Grounds into double play, 6-4-3 (Groundball, 6)
Bottom of the 3rd over - 0 run(s), 1 hit(s), 1 error(s), 0 left on base; Atlanta 1 - Richardson City 3
TOP OF THE 4TH
Atlanta Smoke batting - Pitching for Richardson City Thundercats : LHP Javier Ramírez
Batting: RHB Mike Brown 0-0: SINGLE (Groundball, 34)
Batting: RHB Bartolo Morales 0-0: Ball
1-0: Ball
2-0: Called Strike
2-1: Grounds into double play, 4-6-3 (Groundball, 4)
Batting: RHB Mike Burns 0-0: Ball
1-0: Ball
2-0: Swinging Strike
2-1: Ball
3-1: Foul Ball, location: 2F
3-2: Foul Ball, location: 2F
3-2: Foul Ball, location: 2F
3-2: Base on Balls
Batting: LHB Albert Morán 0-0: Ball
1-0: Foul Ball, location: 2F
1-1: Ball
2-1: Ground out 4-3 (Groundball, 4)
Top of the 4th over - 0 run(s), 1 hit(s), 0 error(s), 1 left on base; Atlanta 1 - Richardson City 3
BOTTOM OF THE 4TH
Richardson City Thundercats batting - Pitching for Atlanta Smoke : RHP Makoto Kato
Batting: RHB Nate Cates 0-0: Ball
1-0: Foul Ball, location: 2F
1-1: SINGLE (Line Drive, 34D)
Batting: RHB Steve Dunn 0-0: Foul Ball, location: 2F
0-1: SINGLE (Line Drive, 8LS)
Nate Cates to second
Batting: RHB Yong-oon Yi 0-0: Ball
1-0: Foul Ball, location: 2F
1-1: Swinging Strike
1-2: Strikes out swinging
Batting: RHB Alden Wiley 0-0: Ball
1-0: Foul Ball, location: 2F
1-1: Foul Ball, location: 2F
1-2: Foul Ball, location: 2F
1-2: Strikes out swinging
Batting: SHB Eugene Parrish 0-0: Ground out 4-3 (Groundball, 34)
Bottom of the 4th over - 0 run(s), 2 hit(s), 0 error(s), 2 left on base; Atlanta 1 - Richardson City 3
TOP OF THE 5TH
Atlanta Smoke batting - Pitching for Richardson City Thundercats : LHP Javier Ramírez
Batting: RHB Cale Sutton 0-0: Called Strike
0-1: Ball
1-1: Ball
2-1: Ground out 2-3 (Groundball, 2L)
Batting: RHB Bob Campbell 0-0: Ball
1-0: Called Strike
1-1: Ball
2-1: Ball
3-1: Called Strike
3-2: Foul Ball, location: 2F
3-2: Strikes out swinging
Batting: RHB Iván Pérez 0-0: Ball
1-0: Called Strike
1-1: Ball
2-1: Ball
3-1: Called Strike
3-2: Foul Ball, location: 2F
3-2: Foul Ball, location: 2F
3-2: Foul Ball, location: 2F
3-2: Base on Balls
Pitching: RHP John Hicks
Batting: LHB Armando Esparza 0-0: Ball
1-0: Ball
2-0: Called Strike
2-1: Ground out 3-1 (Groundball, 34S)
Top of the 5th over - 0 run(s), 0 hit(s), 0 error(s), 1 left on base; Atlanta 1 - Richardson City 3
BOTTOM OF THE 5TH
Richardson City Thundercats batting - Pitching for Atlanta Smoke : RHP Makoto Kato
Batting: RHB Chriss Mann 0-0: Ball
1-0: Ball
2-0: Called Strike
2-1: Swinging Strike
2-2: Fly out, F9 (Line Drive, 89D)
Now in RF: Johnny Foster
Batting: SHB Leonard O'Connor 0-0: Swinging Strike
0-1: Ball
1-1: Fly out, F3 (Popup, 3S)
Batting: RHB Juan Cabrera 0-0: Foul Ball, location: 2F
0-1: Ball
1-1: Ball
2-1: Fly out, F8 (Flyball, 8LM)
Bottom of the 5th over - 0 run(s), 0 hit(s), 0 error(s), 0 left on base; Atlanta 1 - Richardson City 3
TOP OF THE 6TH
Atlanta Smoke batting - Pitching for Richardson City Thundercats : RHP John Hicks
Batting: RHB Chris Teague 0-0: Ball
1-0: Ground out 6-3 (Groundball, 6)
Batting: RHB Mike Brown 0-0: Swinging Strike
0-1: Foul Ball, location: 2F
0-2: Ball
1-2: Strikes out swinging
Batting: RHB Bartolo Morales 0-0: SINGLE (Groundball, 56)
Batting: RHB Mike Burns 0-0: Ball
1-0: Swinging Strike
1-1: Swinging Strike
1-2: Strikes out swinging
Top of the 6th over - 0 run(s), 1 hit(s), 0 error(s), 1 left on base; Atlanta 1 - Richardson City 3
BOTTOM OF THE 6TH
Richardson City Thundercats batting - Pitching for Atlanta Smoke : RHP Makoto Kato
Batting: RHB Joey Jones 0-0: Ball
1-0: Called Strike
1-1: Ball
2-1: Ground out 5-3 (Groundball, 5S)
Batting: RHB Nate Cates 0-0: SOLO HOME RUN (Flyball, 7D), Distance : 377 ft
Batting: RHB Steve Dunn 0-0: Ball
1-0: Ball
2-0: Foul Ball, location: 2F
2-1: Ground out 6-3 (Groundball, 6)
Batting: RHB Yong-oon Yi 0-0: Foul Ball, location: 2F
0-1: Swinging Strike
0-2: Ball
1-2: Ground out 6-3 (Groundball, 6)
Bottom of the 6th over - 1 run(s), 1 hit(s), 0 error(s), 0 left on base; Atlanta 1 - Richardson City 4
TOP OF THE 7TH
Atlanta Smoke batting - Pitching for Richardson City Thundercats : RHP John Hicks
Batting: LHB Albert Morán 0-0: Swinging Strike
0-1: Ball
1-1: Ball
2-1: Swinging Strike
2-2: Strikes out looking
Batting: RHB Cale Sutton 0-0: Ball
1-0: Swinging Strike
1-1: Swinging Strike
1-2: Strikes out swinging
Batting: RHB Bob Campbell 0-0: Called Strike
0-1: Ball
1-1: Fly out, F3 (Popup, 3DF)
Top of the 7th over - 0 run(s), 0 hit(s), 0 error(s), 0 left on base; Atlanta 1 - Richardson City 4
BOTTOM OF THE 7TH
Richardson City Thundercats batting - Pitching for Atlanta Smoke : RHP Makoto Kato
Batting: RHB Alden Wiley 0-0: Fly out, F7 (Line Drive, 78M)
Batting: SHB Eugene Parrish 0-0: Called Strike
0-1: Fly out, F7 (Popup, 7S)
Batting: RHB Chriss Mann 0-0: Ground out 2-3 (Groundball, 23)
Bottom of the 7th over - 0 run(s), 0 hit(s), 0 error(s), 0 left on base; Atlanta 1 - Richardson City 4
TOP OF THE 8TH
Atlanta Smoke batting - Pitching for Richardson City Thundercats : RHP John Hicks
Batting: RHB Iván Pérez 0-0: Ball
1-0: SINGLE (Groundball, 25) (infield hit)
Pitching: RHP Myron Snow
Batting: RHB Johnny Foster 0-0: Ball
1-0: Grounds into double play, 6-4-3 (Groundball, 6)
Batting: RHB Chris Teague 0-0: Swinging Strike
0-1: Ball
1-1: Ball
2-1: Ball
3-1: Called Strike
3-2: Foul Ball, location: 2F
3-2: Foul Ball, location: 2F
3-2: Base on Balls
Batting: RHB Mike Brown 0-0: Ball
1-0: Called Strike
1-1: Foul Ball, location: 2F
1-2: Strikes out looking
Top of the 8th over - 0 run(s), 1 hit(s), 0 error(s), 1 left on base; Atlanta 1 - Richardson City 4
BOTTOM OF THE 8TH
Richardson City Thundercats batting - Pitching for Atlanta Smoke : RHP Makoto Kato
Batting: SHB Leonard O'Connor 0-0: SINGLE (Groundball, 6MD)
Batting: RHB Juan Cabrera 0-0: Foul Ball, location: 2F
0-1: Fly out, F9 (Popup, 34D)
Batting: RHB Joey Jones 0-0: Fly out, F9 (Line Drive, 9M)
Batting: RHB Nate Cates 0-0: Fly out, F8 (Flyball, 8LM)
Bottom of the 8th over - 0 run(s), 1 hit(s), 0 error(s), 1 left on base; Atlanta 1 - Richardson City 4
TOP OF THE 9TH
Atlanta Smoke batting - Pitching for Richardson City Thundercats : RHP Myron Snow
Pitching: RHP Dave Reed
Batting: RHB Bartolo Morales 0-0: SINGLE (Line Drive, 7S)
Batting: RHB Mike Burns 0-0: Foul Ball, location: 2F
0-1: Foul Ball, location: 2F
0-2: Ball
1-2: Hit by Pitch
Bartolo Morales to second
Batting: LHB Albert Morán 0-0: SINGLE (Line Drive, 4M)
Bartolo Morales to third
Mike Burns to second
Batting: RHB Cale Sutton 0-0: Called Strike
0-1: Ball
1-1: Called Strike
1-2: Fly out, F6 (Popup, 5D)
Batting: RHB Bob Campbell 0-0: Ball
1-0: Called Strike
1-1: Ball
2-1: Swinging Strike
2-2: Foul Ball, location: 2F
2-2: Strikes out looking
Batting: RHB Iván Pérez 0-0: Ball
1-0: Ball
2-0: Called Strike
2-1: Foul Ball, location: 2F
2-2: Foul Ball, location: 2F
2-2: Fly out, F7 (Flyball, 78XD)
Top of the 9th over - 0 run(s), 2 hit(s), 0 error(s), 3 left on base; Atlanta 1 - Richardson City 4
This league is powered by Out of the Park Baseball, the baseball management simulation game for PC, Mac and Linux
Friday, April 15th, 2016 - OOTP Baseball 16.9 Build 39